[Event "ICC tourney 2533 (25 5)"]
[Site "Internet Chess Club"]
[Date "2021.04.25"]
[Round "8"]
[White "ROMANYUK, NIKITA:K09-16682244"]
[Black "MAHAJAN, EASHAN:K09-16803522"]
[Result "1/2-1/2"]
[ICCResult "Game drawn because neither player has mating material"]
[WhiteElo "166"]
[BlackElo "885"]
[Opening "Ruy Lopez: exchange variation"]
[ECO "C68"]
[NIC "RL.08"]
[Time "17:03:55"]
[PlyCount "97"]
[TimeControl "1500+5"]

1. e4 e5 2. Nf3 Nc6 3. Bb5 a6 4. Bxc6 dxc6 5. Nxe5 Qd4 6. Nf3 Qxe4+ 7. Qe2
Qxe2+ 8. Kxe2 Bc5 9. Re1 Be6 10. Kf1 Nf6 11. Nc3 O-O 12. h3 Rfe8 13. d4 Bb6
14. Kg1 Rad8 15. Be3 Bf5 16. Rac1 h6 17. Na4 Ba5 18. c3 b5 19. Nc5 Bb6 20.
Nb3 Ne4 21. Nbd2 Nxd2 22. Bxd2 c5 23. Rxe8+ Rxe8 24. dxc5 Bxc5 25. c4 Be4
26. cxb5 Bb6 27. Nh2 axb5 28. Ng4 Bd5 29. Ne3 Bxa2 30. b4 Kh7 31. Ra1 Bc4
32. Nxc4 bxc4 33. Rc1 Re2 34. Be3 Bxe3 35. fxe3 Rxe3 36. Rxc4 Rb3 37. Rxc7
Rxb4 38. Rxf7 Kg6 39. Rf3 Rb5 40. Kh2 Rf5 41. Rxf5 Kxf5 42. Kg3 g5 43. h4
Kf6 44. Kg4 gxh4 45. Kxh4 Kg6 46. g4 Kf6 47. Kh5 Kg7 48. g5 hxg5 49. Kxg5 {
Game drawn because neither player has mating material } 1/2-1/2

[Event "ICC tourney 2533 (25 5)"]
[Site "Internet Chess Club"]
[Date "2021.04.25"]
[Round "8"]
[White "MENON, ROHAN:K09-17197867"]
[Black "ALBEEZ, NURAYDA:K09-15657166"]
[Result "1-0"]
[ICCResult "Black checkmated"]
[WhiteElo "741"]
[BlackElo "1351"]
[Opening "Queen's Indian defense"]
[ECO "A47"]
[NIC "QP.06"]
[Time "17:00:09"]
[PlyCount "121"]
[TimeControl "1500+5"]

1. d4 Nf6 2. Nf3 b6 3. Bg5 e6 4. e3 Bb7 5. Bd3 Be7 6. c3 O-O 7. Qc2 h6 8.
Bxf6 Bxf6 9. Nbd2 Ba6 10. Bxa6 Nxa6 11. O-O-O d5 12. Rdg1 c5 13. h4 cxd4
14. exd4 Rc8 15. g4 Nb4 16. Qb1 g6 17. g5 Bg7 18. gxh6 Bxh6 19. h5 g5 20.
Ne5 f5 21. f4 g4 22. Nxg4 fxg4 23. Rxg4+ Kh8 24. Rg6 Bxf4 25. h6 Rg8 26.
Rg7 Rxg7 27. hxg7+ Kxg7 28. Qh7+ Kf8 29. Rg1 Bg5 30. Qh8+ Kf7 31. Qh5+ Kf6
32. Rf1+ Ke7 33. Qxg5+ Kd6 34. Qxd8+ Rxd8 35. cxb4 Rc8+ 36. Kb1 a5 37. bxa5
bxa5 38. Nb3 a4 39. Nc5 Ra8 40. Re1 a3 41. Rxe6+ Kc7 42. bxa3 Rxa3 43. Re7+
Kd6 44. Rd7+ Kc6 45. Kb2 Ra8 46. a4 Ra5 47. Kb3 Rxc5 48. dxc5 Kxd7 49. a5
Kc6 50. a6 Kc7 51. Kc3 Kc6 52. Kd4 Kc7 53. Kxd5 Kb8 54. c6 Ka7 55. c7 Kxa6
56. c8=Q+ Ka5 57. Kc5 Ka4 58. Qb7 Ka3 59. Kc4 Ka2 60. Kc3 Ka1 61. Qb2# {
Black checkmated } 1-0

[Event "ICC tourney 2533 (25 5)"]
[Site "Internet Chess Club"]
[Date "2021.04.25"]
[Round "8"]
[White "FENTON, SETH:K09-15344035"]
[Black "CHEN, JONAH:K09-15805266"]
[Result "1-0"]
[ICCResult "Black resigns"]
[WhiteElo "1690"]
[BlackElo "1308"]
[Opening "English: symmetrical variation"]
[ECO "A34"]
[NIC "EO.64"]
[Time "17:01:01"]
[PlyCount "63"]
[TimeControl "1500+5"]

1. c4 c5 2. Nc3 e6 3. g3 d5 4. cxd5 exd5 5. d4 Nc6 6. e3 Nf6 7. Bg2 Be6 8.
Nge2 Be7 9. O-O O-O 10. b3 cxd4 11. Nxd4 Rc8 12. Bb2 Bb4 13. Rc1 Bg4 14.
Qd3 Qd7 15. a3 Be7 16. Rfe1 Rfd8 17. Nde2 Ne5 18. Qb5 Nf3+ 19. Bxf3 Bxf3
20. Qxd7 Rxd7 21. Nf4 d4 22. exd4 Bf8 23. Na4 Rxc1 24. Rxc1 Ne8 25. Nd3 b6
26. Ne5 b5 27. Nxd7 bxa4 28. Rc8 h6 29. Rxe8 Kh7 30. Nxf8+ Kh8 31. Ng6+ Kh7
32. Ne5 { Black resigns } 1-0

[Event "ICC tourney 2533 (25 5)"]
[Site "Internet Chess Club"]
[Date "2021.04.25"]
[Round "8"]
[White "GARAG, SHASHANK:K09-17125451"]
[Black "MAXIMILIAN RUIZ, ANTHONY:K09-17237494"]
[Result "1-0"]
[ICCResult "Black resigns"]
[WhiteElo "712"]
[BlackElo "1079"]
[Opening "Giuoco Piano"]
[ECO "C53"]
[NIC "IG.02"]
[Time "17:01:41"]
[PlyCount "90"]
[TimeControl "1500+5"]

1. e4 e5 2. Nf3 Nc6 3. Bc4 Bc5 4. c3 Bxf2+ 5. Kxf2 Nf6 6. d4 O-O 7. Bg5
Nxe4+ 8. Kf1 Nxg5 9. Nxg5 Qxg5 10. Qf3 exd4 11. cxd4 Nxd4 12. Qf2 Qc1+ 13.
Qe1 Qxc4+ 14. Kg1 Ne2+ 15. Kf1 Nf4+ 16. Kg1 Qd4+ 17. Qf2 Ne2+ 18. Kf1 Qd1+
19. Qe1 Qd3 20. Qxe2 Qf5+ 21. Kg1 d5 22. Nd2 Bd7 23. Rf1 Qc2 24. Qe7 Qxd2
25. Qxd7 Qd4+ 26. Rf2 Rae8 27. g3 Re1+ 28. Kg2 Qe4+ 29. Rf3 Re2+ 30. Kg1
Qxf3 31. h4 Qf1+ 32. Kxf1 Rxb2 33. Qxc7 h6 34. Qc3 Rxa2 35. Qb3 Rd2 36. Qe3
Rc2 37. Rg1 b5 38. Rg2 b4 39. Rxc2 a5 40. Qb6 d4 41. Qxa5 d3 42. Rd2 b3 43.
Rxd3 b2 44. Qb5 Re8 45. Qxb2 g5 { Black resigns } 1-0

[Event "ICC tourney 2533 (25 5)"]
[Site "Internet Chess Club"]
[Date "2021.04.25"]
[Round "8"]
[White "KOLLI, SAI:K09-16397773"]
[Black "BATRA, ANSH:K09-16342642"]
[Result "1-0"]
[ICCResult "Black checkmated"]
[WhiteElo "1507"]
[BlackElo "883"]
[Opening "Sicilian: Prins (Moscow) variation"]
[ECO "B55"]
[NIC "SI.01"]
[Time "17:03:01"]
[PlyCount "131"]
[TimeControl "1500+5"]

1. e4 c5 2. Nf3 d6 3. d4 cxd4 4. Nxd4 Nf6 5. f3 g6 6. c4 Nc6 7. Nxc6 bxc6
8. Nc3 Bg7 9. Be3 e6 10. Bd3 O-O 11. Qd2 d5 12. e5 Nd7 13. f4 f6 14. exf6
Nxf6 15. cxd5 exd5 16. O-O d4 17. Bc4+ Kh8 18. Bxd4 Nh5 19. Bxg7+ Nxg7 20.
Qxd8 Rxd8 21. Rad1 Bf5 22. Rxd8+ Rxd8 23. Rd1 Rxd1+ 24. Nxd1 Nh5 25. g3 Bb1
26. Nc3 Bf5 27. Ba6 Nf6 28. Bb7 c5 29. Na4 Ne4 30. g4 Nd6 31. gxf5 Nxb7 32.
fxg6 hxg6 33. Kg2 Kg7 34. Kg3 Kf6 35. Kg4 c4 36. Nc3 Nd6 37. b3 cxb3 38.
axb3 Nf5 39. Ne4+ Kf7 40. Kg5 a5 41. Nc5 Nd4 42. h4 Nf3+ 43. Kg4 Nh2+ 44.
Kg3 Nf1+ 45. Kf2 Nd2 46. Ke2 Nb1 47. Nb7 Nc3+ 48. Kd3 a4 49. Kxc3 a3 50.
Nc5 Kf6 51. b4 Ke7 52. b5 Kd6 53. b6 Kc6 54. b7 Kc7 55. Kb3 a2 56. Kxa2 Kb8
57. Kb3 Kc7 58. Kb4 Kb8 59. Ka5 Ka7 60. Kb5 Kb8 61. Kb6 g5 62. f5 gxh4 63.
f6 h3 64. f7 h2 65. f8=B h1=Q 66. Bd6# { Black checkmated } 1-0

[Event "ICC tourney 2533 (25 5)"]
[Site "Internet Chess Club"]
[Date "2021.04.25"]
[Round "8"]
[White "RAVINUTALA, NITYA:K09-15006650"]
[Black "BERGSTEDT, SAWYER:K09-16355805"]
[Result "0-1"]
[ICCResult "White checkmated"]
[WhiteElo "912"]
[BlackElo "440"]
[Opening "Scotch opening"]
[ECO "C44"]
[NIC "KP.10"]
[Time "17:03:16"]
[PlyCount "88"]
[TimeControl "1500+5"]

1. e4 e5 2. Nf3 Nc6 3. d4 Nf6 4. Bg5 Be7 5. Nc3 h6 6. Bh4 d6 7. h3 g5 8.
Bg3 Nh5 9. dxe5 Nxg3 10. fxg3 Be6 11. exd6 Bxd6 12. Bd3 Bc5 13. Bb5 Bd7 14.
Bxc6 bxc6 15. Ne5 Bd6 16. Nxd7 Qxd7 17. Qd2 O-O-O 18. O-O-O f6 19. Na4 Rh7
20. Qa5 Qe7 21. Qxa7 Qxe4 22. Nc5 Qe3+ 23. Kb1 Qxc5 24. Qxc5 Bxc5 25. a4
Bd6 26. g4 Re7 27. a5 Re2 28. c3 Rxg2 29. b4 Kb7 30. Kc1 Rg3 31. Kc2 Rg2+
32. Kb3 Ka6 33. c4 Rg3+ 34. Ka4 Rb8 35. c5 Be5 36. Rb1 Rf3 37. h4 Rf4 38.
hxg5 hxg5 39. Rhg1 Bc3 40. Rb3 Bxb4 41. Rxb4 Rfxb4+ 42. Ka3 Kxa5 43. Rf1
Ra8 44. Rb1 Kb5# { White checkmated } 0-1

[Event "ICC tourney 2533 (25 5)"]
[Site "Internet Chess Club"]
[Date "2021.04.25"]
[Round "8"]
[White "T ZHANG, ANDREW:K09-16058226"]
[Black "ROUCHKA, TOBY:K09-15518851"]
[Result "0-1"]
[ICCResult "White checkmated"]
[WhiteElo "1389"]
[BlackElo "705"]
[Opening "Queen's pawn, Mason variation, Steinitz counter-gambit"]
[ECO "D00"]
[NIC "QP.08"]
[Time "17:01:01"]
[PlyCount "78"]
[TimeControl "1500+5"]

1. d4 d5 2. Bf4 c5 3. Nf3 cxd4 4. Nxd4 Nc6 5. e3 Qb6 6. Nb5 e5 7. Bg3 Bf5
8. Nd2 Rc8 9. Nc3 Qxb2 10. Nxd5 Nb4 11. Bb5+ Kd8 12. Nxb4 Bxb4 13. O-O Qxc2
14. Nc4+ Qxd1 15. Rfxd1+ Ke7 16. Bxe5 Nf6 17. Bd6+ Bxd6 18. Nxd6 Rc5 19.
Bf1 b6 20. Nxf5+ Rxf5 21. Rac1 Ra5 22. Rc7+ Ke6 23. h3 Ne4 24. Bc4+ Kf5 25.
Rxf7+ Kg6 26. Rf4 Nf6 27. Rd6 h5 28. h4 Rc8 29. a4 Kh7 30. Kh2 Kh8 31. Bf7
Kh7 32. f3 Rc7 33. Be6 Kh6 34. g4 Rc2+ 35. Kg3 hxg4 36. fxg4 Kg6 37. h5+
Kh6 38. Rf5 Ne4+ 39. Kh4 Rh2# { White checkmated } 0-1

[Event "ICC tourney 2533 (25 5)"]
[Site "Internet Chess Club"]
[Date "2021.04.25"]
[Round "8"]
[White "PALUSA, MAURYA:K09-14641168"]
[Black "AWAD, RANIA:K09-16554882"]
[Result "1-0"]
[ICCResult "Black checkmated"]
[WhiteElo "2089"]
[BlackElo "1442"]
[Opening "Caro-Kann: Tartakower (Nimzovich) variation"]
[ECO "B15"]
[NIC "CK.06"]
[Time "17:02:34"]
[PlyCount "41"]
[TimeControl "1500+5"]

1. e4 c6 2. d4 d5 3. Nc3 dxe4 4. Nxe4 Nf6 5. Nxf6+ exf6 6. Be3 Bd6 7. Qd2
b5 8. Nf3 O-O 9. Bd3 Bg4 10. O-O-O b4 11. Bc4 Bxf3 12. gxf3 Qc7 13. Rdg1
Nd7 14. Rg4 Rfe8 15. Bh6 g6 16. Qd3 Nb6 17. Rxg6+ Kh8 18. Rg7 Bf4+ 19. Kb1
f5 20. Qxf5 Bxh6 21. Qxh7# { Black checkmated } 1-0

[Event "ICC tourney 2533 (25 5)"]
[Site "Internet Chess Club"]
[Date "2021.04.25"]
[Round "8"]
[White "NADYRSHIN, IMRAN:K09-17245693"]
[Black "ALEXANDER MORGAN, CAMERON:K09-15934151"]
[Result "0-1"]
[ICCResult "White checkmated"]
[WhiteElo "163"]
[BlackElo "1111"]
[Opening "Queen's pawn game"]
[ECO "A46"]
[NIC "QP.06"]
[Time "17:03:01"]
[PlyCount "132"]
[TimeControl "1500+5"]

1. d4 Nf6 2. Nf3 d6 3. Bf4 g6 4. e3 Nc6 5. Be2 Bg7 6. O-O O-O 7. h3 Re8 8.
c4 Nd7 9. Nc3 e5 10. Bg5 Bf6 11. Bxf6 Qxf6 12. Rc1 exd4 13. exd4 Nb6 14. a4
Be6 15. d5 Bd7 16. dxc6 Bxc6 17. a5 Nd7 18. b4 a6 19. b5 axb5 20. cxb5 Bxf3
21. Bxf3 Rab8 22. Ne4 Qf4 23. Rxc7 Ne5 24. Nxd6 Nxf3+ 25. gxf3 Re6 26. Nxb7
Qxc7 27. a6 Qb6 28. Qb1 Re5 29. Qb2 Rg5+ 30. Kh1 Rxb5 31. Qc3 Qxa6 32. Nd6
Qxd6 33. Re1 Qb4 34. Qa1 Qb1 35. Rxb1 Rxb1+ 36. Qxb1 Rxb1+ 37. Kg2 Rb4 38.
Kg3 Kg7 39. f4 Kf6 40. Kg4 h5+ 41. Kf3 g5 42. fxg5+ Kxg5 43. Kg3 h4+ 44.
Kg2 Rb3 45. f3 f5 46. Kf2 Kf4 47. Ke2 Rxf3 48. Kd2 Rxh3 49. Kc2 Rg3 50. Kd1
h3 51. Ke1 h2 52. Kf1 h1=R+ 53. Kf2 Kg4 54. Ke2 f4 55. Kf2 f3 56. Ke3 Rh2
57. Ke4 f2 58. Ke5 f1=R 59. Kd4 Kf3 60. Kd3 Kg2+ 61. Kc4 Kh1 62. Kb5 Rh4
63. Kc5 Rf5+ 64. Kc6 Rg6+ 65. Kb7 Rh7+ 66. Ka8 Rf8# { White checkmated }
0-1

[Event "ICC tourney 2533 (25 5)"]
[Site "Internet Chess Club"]
[Date "2021.04.25"]
[Round "8"]
[White "TCHENG, SUHN:K09-16951820"]
[Black "SUDARSHAN IYENGAR, VARSHA:K09-15871248"]
[Result "1-0"]
[ICCResult "Black checkmated"]
[WhiteElo "406"]
[BlackElo "917"]
[Opening "Giuoco Pianissimo: Italian four knights variation"]
[ECO "C50"]
[NIC "IG.02"]
[Time "17:01:21"]
[PlyCount "115"]
[TimeControl "1500+5"]

1. e4 e5 2. Nf3 Nc6 3. Bc4 Bc5 4. Nc3 Nf6 5. d3 Bb4 6. O-O O-O 7. Nd5 Bc5
8. Nxf6+ Qxf6 9. Bg5 Qg6 10. Qd2 h6 11. Be3 Bxe3 12. Qxe3 d6 13. h3 Be6 14.
Bxe6 Qxe6 15. d4 exd4 16. Nxd4 Nxd4 17. Qxd4 Rfe8 18. Rfe1 c5 19. Qd5 Qxd5
20. exd5 Re5 21. Rxe5 dxe5 22. Rd1 Rd8 23. Kh2 Kh7 24. Kg3 Kg6 25. Kf3 f5
26. g4 Kg5 27. h4+ Kf6 28. c4 g6 29. Rg1 a6 30. g5+ hxg5 31. hxg5+ Kf7 32.
Rh1 Rg8 33. a3 b5 34. b3 bxc4 35. bxc4 Rb8 36. Rh7+ Kg8 37. Rc7 Rb3+ 38.
Kg2 Rxa3 39. d6 Kf8 40. d7 Ke7 41. d8=Q+ Kxd8 42. Rxc5 e4 43. Rc6 Ke7 44.
Rxg6 Kf7 45. Rf6+ Kg7 46. Rxf5 Ra4 47. c5 Rc4 48. f3 exf3+ 49. Kxf3 Kg6 50.
Rd5 a5 51. c6 a4 52. Ra5 Rc5 53. Rxc5 a3 54. c7 a2 55. c8=Q a1=Q 56. Qe6+
Kg7 57. Rc7+ Kh8 58. Qe8# { Black checkmated } 1-0

[Event "ICC tourney 2533 (25 5)"]
[Site "Internet Chess Club"]
[Date "2021.04.25"]
[Round "8"]
[White "RODRIGUEZ, KEYES:K09-16494792"]
[Black "FAN, JEREMY:K09-16878614"]
[Result "1/2-1/2"]
[ICCResult "Game drawn because neither player has mating material"]
[WhiteElo "1195"]
[BlackElo "715"]
[Opening "Sicilian: Alapin's variation (2.c3)"]
[ECO "B22"]
[NIC "SI.46"]
[Time "17:00:20"]
[PlyCount "117"]
[TimeControl "1500+5"]

1. e4 c5 2. c3 d6 3. d4 Nf6 4. Bd3 e6 5. Bg5 Be7 6. e5 dxe5 7. dxe5 Nd5 8.
Bxe7 Qxe7 9. Nf3 Nc6 10. Nbd2 Bd7 11. Nc4 O-O 12. h4 Nf4 13. Ng5 h6 14. Nf3
Nxg2+ 15. Kd2 b5 16. Nd6 c4 17. Be4 Rad8 18. Nd4 Nxd4 19. cxd4 Nxh4 20. Qg4
Qg5+ 21. Qxg5 hxg5 22. f4 f5 23. fxg5 fxe4 24. Rxh4 Rf2+ 25. Ke3 Rf3+ 26.
Ke2 Bc6 27. Rah1 Kf8 28. Nxe4 Rd3 29. Nc5 Bxh1 30. Nxe6+ Ke7 31. Nxd8 Bf3+
32. Kf2 Kxd8 33. Rh7 Bd5 34. Rxg7 Rxd4 35. Rxa7 Rd2+ 36. Ke3 Rxb2 37. Kd4
Rd2+ 38. Kc3 Rg2 39. Kd4 Be6 40. Ra6 Bc8 41. Rb6 Rxg5 42. Rxb5 Rg4+ 43. Kc3
Bd7 44. Rd5 Ke7 45. Rd4 Rg3+ 46. Kxc4 Be6+ 47. Kc5 Bxa2 48. Kc6 Rg6+ 49.
Rd6 Rg5 50. Rd7+ Ke6 51. Ra7 Bd5+ 52. Kb6 Kxe5 53. Ra5 Rg6+ 54. Kc5 Rc6+
55. Kb4 Kd4 56. Rb5 Rc4+ 57. Ka5 Bc6 58. Rb4 Rxb4 59. Kxb4 { Game drawn
because neither player has mating material } 1/2-1/2

[Event "ICC tourney 2533 (25 5)"]
[Site "Internet Chess Club"]
[Date "2021.04.25"]
[Round "8"]
[White "PETUKHOV, ARTHUR:K09-16615802"]
[Black "SAMMONS, EVAN:K09-16792076"]
[Result "0-1"]
[ICCResult "White checkmated"]
[WhiteElo "1287"]
[BlackElo "1832"]
[Opening "French: Winawer, advance, Bogolyubov variation"]
[ECO "C17"]
[NIC "FR.10"]
[Time "17:03:37"]
[PlyCount "96"]
[TimeControl "1500+5"]

1. e4 e6 2. d4 d5 3. Nc3 Bb4 4. e5 c5 5. Bd2 Ne7 6. Nb5 Bxd2+ 7. Qxd2 O-O
8. f4 Bd7 9. Nf3 Bxb5 10. Bxb5 a6 11. Be2 Nbc6 12. c3 f6 13. O-O Qb6 14.
Rad1 Rac8 15. Bd3 cxd4 16. Qf2 fxe5 17. cxd4 e4 18. Qh4 Nf5 19. Qh5 g6 20.
Qh3 exf3 21. Rfe1 f2+ 22. Kxf2 Ncxd4 23. g4 Nc2+ 24. Kf3 Nxe1+ 25. Rxe1
Nd4+ 26. Kg3 Qxb2 27. f5 Rc3 28. Kf4 Qf2+ 29. Kg5 Qxe1 30. fxg6 Qd2+ 31.
Kh5 hxg6+ 32. Kxg6 Qxd3+ 33. Qxd3 Rxd3 34. a3 Rdf3 35. h3 R8f6+ 36. Kg5
Rg6+ 37. Kh4 Rxh3+ 38. Kxh3 Rxg4 39. a4 Rh4+ 40. Kg3 Rh7 41. a5 Rf7 42. Kg4
e5 43. Kg5 e4 44. Kg6 e3 45. Kg5 e2 46. Kh6 e1=Q 47. Kg6 Qg1+ 48. Kh6 Rh7#
{ White checkmated } 0-1

[Event "ICC tourney 2533 (25 5)"]
[Site "Internet Chess Club"]
[Date "2021.04.25"]
[Round "8"]
[White "PRASAD, SHIVAM:K09-16673648"]
[Black "JAIN, ARYAN:K09-16802032"]
[Result "1-0"]
[ICCResult "Black checkmated"]
[WhiteElo "789"]
[BlackElo "1191"]
[Opening "two knights defense"]
[ECO "C58"]
[NIC "KP.01"]
[Time "17:01:58"]
[PlyCount "97"]
[TimeControl "1500+5"]

1. e4 e5 2. Nf3 Nc6 3. Bc4 Nf6 4. Ng5 d5 5. exd5 Na5 6. b3 Nxc4 7. bxc4 h6
8. Nf3 Bd6 9. O-O O-O 10. Re1 Re8 11. Bb2 Bg4 12. h3 Bxf3 13. Qxf3 Qd7 14.
Nc3 c6 15. Rad1 Rad8 16. Ne4 Nxe4 17. Rxe4 cxd5 18. cxd5 Qb5 19. Qb3 Qxb3
20. axb3 Rc8 21. c4 a6 22. Rde1 f6 23. f4 Bb4 24. fxe5 Bxd2 25. R1e2 Bg5
26. e6 Kh7 27. e7 Kg6 28. d6 f5 29. Re6+ Kf7 30. d7 Bxe7 31. dxc8=Q Rxc8
32. Rxe7+ Kg6 33. Rxg7+ Kh5 34. g4+ fxg4 35. hxg4+ Kh4 36. Rh2+ Kg3 37.
Be5+ Kf3 38. Rf2+ Ke3 39. Bf4+ Ke4 40. Re7+ Kd3 41. Bxh6 Rg8 42. Rf3+ Kd4
43. Be3+ Kd3 44. Bf2+ Kc2 45. Re2+ Kd1 46. Kf1 Rxg4 47. Rd3+ Kc1 48. Be3+
Kb1 49. Rd1# { Black checkmated } 1-0

[Event "ICC tourney 2533 (25 5)"]
[Site "Internet Chess Club"]
[Date "2021.04.25"]
[Round "8"]
[White "SKY MOERLIEN, PUWIT:K09-15664335"]
[Black "NADYRSHIN, CHINGIZ:K09-15625751"]
[Result "1-0"]
[ICCResult "Black checkmated"]
[WhiteElo "1671"]
[BlackElo "1233"]
[Opening "QGD: Orthodox defense, Rubinstein attack (with Rc1)"]
[ECO "D64"]
[NIC "SL.03"]
[Time "17:02:17"]
[PlyCount "121"]
[TimeControl "1500+5"]

1. d4 d5 2. c4 c6 3. Nf3 Nf6 4. Nc3 e6 5. Bg5 Be7 6. e3 Nbd7 7. Rc1 O-O 8.
Qc2 h6 9. Bh4 dxc4 10. Bxc4 b5 11. Bd3 a6 12. O-O Bb7 13. Bxf6 Bxf6 14. Ne4
Be7 15. Rfd1 Rc8 16. Nc5 Qc7 17. Nxb7 Qxb7 18. Be4 Nb8 19. Ne5 Qb6 20. Nd3
Rfd8 21. Nc5 Qc7 22. b4 a5 23. bxa5 Qxa5 24. Nb7 Qc7 25. Nxd8 Rxd8 26. Bxc6
Rc8 27. Be4 Qxc2 28. Rxc2 Rxc2 29. Bxc2 Nc6 30. Bb3 Bb4 31. Rc1 Na5 32.
Rc8+ Kh7 33. Rb8 Nxb3 34. axb3 Be7 35. Rxb5 Kg6 36. f3 Kf6 37. Kf2 Bd6 38.
e4 Ke7 39. e5 Bc7 40. Rb7 Kd7 41. Ke3 Kc6 42. Rxc7+ Kxc7 43. Kd3 Kc6 44.
Kc4 Kb6 45. b4 Kc6 46. b5+ Kb6 47. f4 g6 48. h4 h5 49. g3 Kc7 50. Kc5 Kd7
51. b6 Kc8 52. Kc6 Kb8 53. b7 g5 54. fxg5 Ka7 55. Kc7 Ka6 56. b8=Q Ka5 57.
Kc6 Ka4 58. Kc5 Ka3 59. Kc4 Ka2 60. Kc3 f5 61. Qb2# { Black checkmated }
1-0

[Event "ICC tourney 2533 (25 5)"]
[Site "Internet Chess Club"]
[Date "2021.04.25"]
[Round "8"]
[White "PRATHIK KARRA, KUNAL:K09-14744151"]
[Black "BIAN, ERIN:K09-16926853"]
[Result "1/2-1/2"]
[ICCResult "Game drawn by mutual agreement"]
[WhiteElo "1121"]
[BlackElo "1765"]
[Opening "Queen's Indian: 4.Nc3"]
[ECO "E12"]
[NIC "NI.26"]
[Time "17:01:01"]
[PlyCount "50"]
[TimeControl "1500+5"]

1. d4 Nf6 2. c4 e6 3. Nf3 b6 4. Nc3 Bb4 5. Bg5 Bb7 6. e3 h6 7. Bh4 O-O 8.
Bd3 c5 9. O-O Bxc3 10. bxc3 d5 11. Ne5 g5 12. Bxg5 hxg5 13. f4 g4 14. Nxg4
Re8 15. Nh6+ Kf8 16. Qf3 Nbd7 17. Qg3 dxc4 18. Bxc4 Bd5 19. Bb5 a6 20. Bd3
c4 21. Bc2 b5 22. a4 Ke7 23. Qg5 Rh8 24. f5 Rxh6 25. Qxh6 Qg8 { Game drawn
by mutual agreement } 1/2-1/2

[Event "ICC tourney 2533 (25 5)"]
[Site "Internet Chess Club"]
[Date "2021.04.25"]
[Round "8"]
[White "LI, EMMA:K09-16538490"]
[Black "REISS, AIDEN:K09-16581243"]
[Result "0-1"]
[ICCResult "White resigns"]
[WhiteElo "1342"]
[BlackElo "1853"]
[Opening "Sicilian: Najdorf, Lipnitzky attack"]
[ECO "B86"]
[NIC "SI.13"]
[Time "17:01:01"]
[PlyCount "64"]
[TimeControl "1500+5"]

1. e4 c5 2. Nf3 d6 3. d4 cxd4 4. Nxd4 Nf6 5. Nc3 a6 6. Bc4 e6 7. Be3 Be7 8.
f3 O-O 9. Qd2 Qc7 10. Bb3 b5 11. O-O-O Nbd7 12. h4 Nc5 13. g4 b4 14. Nce2
Bd7 15. Qxb4 a5 16. Qc3 a4 17. Bc4 Rfb8 18. g5 Nh5 19. Rhg1 Rb7 20. Ng3
Nxg3 21. Rxg3 d5 22. Ne2 dxc4 23. Bf4 Qb6 24. h5 a3 25. b3 cxb3 26. cxb3
Rc8 27. Kb1 Nxe4 28. Qe5 Nxg3 29. Nxg3 Qc5 30. Rc1 Qxe5 31. Rxc8+ Bxc8 32.
Bxe5 Bxg5 { White resigns } 0-1

[Event "ICC tourney 2533 (25 5)"]
[Site "Internet Chess Club"]
[Date "2021.04.25"]
[Round "8"]
[White "ZOFFER, OSKAR:K09-16471866"]
[Black "JAIN, LAKSH:K09-16802026"]
[Result "1-0"]
[ICCResult "Black checkmated"]
[WhiteElo "1680"]
[BlackElo "1097"]
[Opening "Ruy Lopez: classical defense, 4.c3"]
[ECO "C64"]
[NIC "RL.01"]
[Time "17:00:44"]
[PlyCount "113"]
[TimeControl "1500+5"]

1. e4 e5 2. Nf3 Nc6 3. Bb5 Bc5 4. c3 d6 5. d4 exd4 6. cxd4 Bb4+ 7. Nc3 Bd7
8. O-O a6 9. Bc4 b5 10. Bb3 Bg4 11. Bg5 Nge7 12. Nd5 Ba5 13. Nxe7 Nxe7 14.
Bd5 Rb8 15. Bc6+ Bd7 16. Bxd7+ Qxd7 17. a4 f6 18. Be3 Ng6 19. Qb3 Ke7 20.
axb5 Rxb5 21. Qc2 Rhb8 22. b4 Bb6 23. Bd2 Qc8 24. Ra4 c5 25. bxc5 dxc5 26.
dxc5 Rxc5 27. Qd3 Ra8 28. Bb4 Kf7 29. Bxc5 Bxc5 30. Qd5+ Kf8 31. Rc4 Bxf2+
32. Rxf2 Qe8 33. Rfc2 Rb8 34. Qd6+ Kg8 35. Qxb8 Qxb8 36. Rc8+ Qxc8 37.
Rxc8+ Kf7 38. Ra8 Ke6 39. Rxa6+ Kf7 40. Kf2 Ne5 41. Nxe5+ fxe5 42. Kg3 g6
43. Kg4 Kg7 44. h4 Kh6 45. h5 Kg7 46. hxg6 hxg6 47. Kg5 Kf7 48. Rxg6 Ke7
49. Kf5 Kf7 50. Re6 Kg7 51. Rxe5 Kf7 52. Re6 Kg7 53. Rf6 Kh7 54. Rg6 Kh8
55. Kf6 Kh7 56. Kf7 Kh8 57. Rh6# { Black checkmated } 1-0

[Event "ICC tourney 2533 (25 5)"]
[Site "Internet Chess Club"]
[Date "2021.04.25"]
[Round "8"]
[White "Y NG, EUGENE:K09-17199947"]
[Black "RAMASAMY, KAVIN:K09-16465450"]
[Result "1/2-1/2"]
[ICCResult "Game drawn by mutual agreement"]
[WhiteElo "1359"]
[BlackElo "915"]
[Opening "Caro-Kann: advance variation"]
[ECO "B12"]
[NIC "CK.02"]
[Time "17:01:36"]
[PlyCount "89"]
[TimeControl "1500+5"]

1. e4 c6 2. d4 d5 3. e5 c5 4. c3 Bf5 5. Bb5+ Nc6 6. Bf4 e6 7. Nf3 cxd4 8.
cxd4 Ne7 9. Nc3 Ng6 10. Bg3 Be7 11. O-O O-O 12. h3 Bb4 13. Bxc6 bxc6 14.
Rc1 Be7 15. Ne2 Bh4 16. Rxc6 Bxg3 17. Nxg3 Nh4 18. Nxh4 Qxh4 19. Nxf5 exf5
20. Rd6 Rfd8 21. Rxd8+ Rxd8 22. Qa4 Ra8 23. Qc6 Rd8 24. e6 fxe6 25. Qxe6+
Kf8 26. Qxf5+ Kg8 27. Re1 Rf8 28. Qxd5+ Kh8 29. Qd6 Qxf2+ 30. Kh2 Rg8 31.
Qe5 Qxb2 32. d5 Qxa2 33. d6 Qd2 34. Qe7 a5 35. d7 a4 36. Qe8 a3 37. Qxg8+
Kxg8 38. Re8+ Kf7 39. d8=Q Qf4+ 40. Kg1 Qc1+ 41. Kf2 Qc5+ 42. Ke2 Qb5+ 43.
Kd2 Qxe8 44. Qc7+ Qe7 45. Qf4+ { Game drawn by mutual agreement } 1/2-1/2

[Event "ICC tourney 2533 (25 5)"]
[Site "Internet Chess Club"]
[Date "2021.04.25"]
[Round "8"]
[White "LEE, JOSHUA:K09-16260353"]
[Black "MIXON, OZAN:K09-16976458"]
[Result "0-1"]
[ICCResult "White resigns"]
[WhiteElo "1285"]
[BlackElo "822"]
[Opening "Sicilian defense"]
[ECO "B30"]
[NIC "SI.31"]
[Time "17:01:41"]
[PlyCount "126"]
[TimeControl "1500+5"]

1. e4 c5 2. Nf3 Nc6 3. Bc4 e6 4. c3 d5 5. exd5 exd5 6. Bb3 Qe7+ 7. Qe2
Qxe2+ 8. Kxe2 c4 9. Ba4 Bd7 10. Re1 Be7 11. b3 a6 12. bxc4 dxc4 13. Bc2 Nf6
14. Kf1 O-O 15. d3 cxd3 16. Bxd3 Rfe8 17. Bf4 Nd5 18. Bg3 Bf6 19. Nbd2 Bxc3
20. Rxe8+ Rxe8 21. Rb1 b5 22. Be4 Nf6 23. Bd3 Bg4 24. Rc1 Bxd2 25. Nxd2 Nb4
26. Bb1 g6 27. f3 Be6 28. Nb3 Bc4+ 29. Kg1 Nfd5 30. Re1 Rxe1+ 31. Bxe1 Nd3
32. Bxd3 Bxd3 33. Kf2 Bc4 34. Bd2 Bxb3 35. axb3 Kf8 36. Ke1 Ke7 37. Kd1 Kd6
38. Kc2 Kc6 39. b4 Kd6 40. Kd3 Ke5 41. g4 Nf4+ 42. Ke3 Nd5+ 43. Kd3 Ne7 44.
f4+ Kd5 45. g5 Nf5 46. Bc1 Nh4 47. Bd2 Nf3 48. Be3 Nxh2 49. Bc1 Nf3 50. Be3
Nh4 51. Bd2 Nf5 52. Bc1 h6 53. gxh6 Nxh6 54. Bd2 Ng4 55. Bc1 Nf6 56. Be3
Nh5 57. Bd2 Ke6 58. Ke4 f5+ 59. Kd4 Kd6 60. Be3 Ng7 61. Bf2 Ne6+ 62. Ke3
Kd5 63. Kd3 Nxf4+ { White resigns } 0-1

[Event "ICC tourney 2533 (25 5)"]
[Site "Internet Chess Club"]
[Date "2021.04.25"]
[Round "8"]
[White "HANKE, HARVEY:K09-17137475"]
[Black "GANESAN, VIKRANT:K09-16786952"]
[Result "0-1"]
[ICCResult "White checkmated"]
[WhiteElo "752"]
[BlackElo "1628"]
[Opening "Sicilian: closed"]
[ECO "B23"]
[NIC "SI.44"]
[Time "17:02:33"]
[PlyCount "64"]
[TimeControl "1500+5"]

1. e4 c5 2. Nc3 d6 3. f4 Nc6 4. Nf3 e6 5. Bb5 Nf6 6. O-O Be7 7. d4 cxd4 8.
Nxd4 Bd7 9. Bxc6 Bxc6 10. Nxc6 bxc6 11. Qf3 O-O 12. Be3 Rb8 13. Rab1 a6 14.
f5 e5 15. Qg3 Kh8 16. Bg5 h6 17. Qh4 Kg8 18. Bd2 Rb4 19. Qe1 Qb6+ 20. Kh1
Rxb2 21. Rxb2 Qxb2 22. Rf3 Rb8 23. Rg3 Kf8 24. h3 Qxc2 25. Qe2 Rb2 26. Rd3
Nd7 27. Nd1 Rb1 28. Kh2 Rxd1 29. Ra3 Rxd2 30. Qxa6 Rxg2+ 31. Kh1 Rh2+ 32.
Kg1 Qf2# { White checkmated } 0-1